 Dungeon Crawl Stone Soup version 0.16-a0-4023-g001212b (webtiles) character file.

7681 Chiseanne the Nimble (level 11, -9/77 HPs)
             Began as a Halfling Chaos Knight on Feb 18, 2015.
             Mangled by a very large slime creature (44 damage)
             ... on level 11 of the Dungeon.
             The game lasted 00:38:49 (9642 turns).

Chiseanne the Nimble (Halfling Chaos Knight)        Turns: 9642, Time: 00:38:49

Health: -9/77      AC: 20    Str: 14    XL:     11   Next: 41%
Magic:  11/11      EV: 18    Int: 11    God:    Xom [...*..]
Gold:   307        SH:  0    Dex: 11    Spells: 1 memorised, 8 levels left

rFire  . . .     SeeInvis .     a - +7 flail (distort)
rCold  + . .     Clarity  .     C - +3 leather armour {rPois}
rNeg   + + +     SustAb   .     (no shield)
rPois  ∞         Gourm    .     (no helmet)
rElec  .         Spirit   .     B - +2 cloak {rPois}
rCorr  .         Warding  .     P - +1 pair of gloves
rMut   .         Stasis   .     G - +0 pair of boots "Carybeg" {rPois rN+ Dex-5}
MR     +....                    K - amulet of rage
Stlth  +.........               (no ring)
                                y - ring of positive energy

@: lich-form, somewhat resistant to hostile enchantments, very unstealthy
A: hooves 1, mutation resistance 1
a: Renounce Religion, Evoke Berserk Rage


You were on level 11 of the Dungeon.
You worshipped Xom.
You were a favourite toy of Xom.
You were not hungry.
You were a lich.
You visited 1 branch of the dungeon, and saw 11 of its levels.

You collected 662 gold pieces.
You spent 355 gold pieces at shops.

Inventory:

Hand weapons
 a - a +7 flail of distortion (weapon)
 s - a +2 hand axe of chopping
 I - a +0 blowgun
Missiles
 d - 2 throwing nets
 e - 222 arrows
 g - 44 bolts
 k - 8 tomahawks of returning
 l - 2 tomahawks (quivered)
 o - 14 bolts of frost
 w - 19 poisoned needles
 A - 52 sling bullets
 W - 8 arrows of frost
Armour
 B - a +2 cloak of poison resistance (worn)
 C - a +3 leather armour of poison resistance (worn)
 G - the +0 pair of boots "Carybeg" (worn) {rPois rN+ Dex-5}
   (You found it on level 9 of the Dungeon)

   It affects your dexterity (-5).
   It protects you from poison.
   It protects you from negative energy.
 P - a +1 pair of gloves (worn)
Jewellery
 y - a ring of positive energy (left hand)
 K - an amulet of rage (around neck)
 N - an uncursed ring of ice
Magical devices
 O - a wand of random effects (30)
 Q - a wand of invisibility (2) {god gift}
 R - a wand of heal wounds (4)
 U - a wand of teleportation (5)
Scrolls
 t - a scroll of enchant armour
 v - 5 scrolls of remove curse
 F - a scroll of immolation
 H - 2 scrolls of teleportation
 X - a scroll of random uselessness {unknown}
Potions
 f - a potion of brilliance
 i - 2 potions of cure mutation
 j - 4 potions of restore abilities
 m - 8 potions of curing
 p - 2 potions of magic
 r - 2 potions of might
 u - 3 potions of heal wounds
 x - a potion of berserk rage {unknown}
 z - 2 potions of ambrosia
 D - a potion of resistance
 L - 3 potions of lignification
 M - a potion of agility
 S - a potion of haste {unknown}
Books
 b - a book of the Tempests

   Spells                             Type                      Level
   a - Static Discharge               Conjuration/Air              3
   b - Lightning Bolt                 Conjuration/Air              5
   c - Fireball                       Conjuration/Fire             5
   d - Tornado                        Air                          9
   e - Shatter                        Earth                        9
 n - a book of Transfigurations

   Spells                             Type                      Level
   a - Stoneskin                      Transmutation/Earth          2
   b - Irradiate                      Conjuration/Transmutation    5
   c - Statue Form                    Transmutation/Earth          6
   d - Hydra Form                     Transmutation                6
   e - Dragon Form                    Transmutation                7
 T - a book of Clouds

   Spells                             Type                      Level
   a - Mephitic Cloud                 Conjuration/Poison/Air       3
   b - Conjure Flame                  Conjuration/Fire             3
   c - Poisonous Cloud                Conjuration/Poison/Air       6
   d - Freezing Cloud                 Conjuration/Ice/Air          6
   e - Ring of Flames                 Charms/Fire                  7
Comestibles
 c - 8 bread rations
 h - 5 meat rations
 q - 3 beef jerkies
 E - 3 slices of pizza
 J - 24 royal jellies
 V - a chunk of flesh


   Skills:
 * Level 8.0 Fighting
 - Level 2.6(6.3) Axes
 * Level 8.2(8.4) Maces & Flails
 * Level 7.7 Armour
 * Level 9.9 Dodging


You had 8 spell levels left.
You knew the following spells:

 Your Spells              Type           Power        Failure   Level  Hunger
a - Stoneskin             Trmt/Erth      #.......     67%         2    N/A

Dungeon Overview and Level Annotations

Branches:
Dungeon (11/15)            Temple (0/1) D:4            Lair (0/8) D:10
    Orc (0/4) D:9

Altars:
Dithmenos
Elyvilon
Gozag
Nemelex Xobeh
Qazlal
Ru
Sif Muna
Trog
Xom
The Shining One

Shops:
D:4 [   D:6 *   D:7 *

Annotations:
D:4 Edmund
D:6 Ijyb
Abyss:1 Pikel


Innate Abilities, Weirdness & Mutations

You are small and have problems with some larger weapons.
You are somewhat resistant to further mutation.
You have large cloven feet.


Message History

You sock the large slime creature!
Space bends around the large slime creature.
The large slime creature is moderately wounded.
A large slime creature splits.
The white imp gestures at you. The puff of frost misses you.
The white imp misses you.
You sock the slime creature!
The slime creature is heavily wounded.
The slime creature disappears!
The white imp gestures at you. The puff of frost hits you!
The white imp gestures at you. The puff of frost misses you.
The slime creature hits you.
You sock the very large slime creature!
Space bends around the very large slime creature.
The very large slime creature is severely wounded.
The very large slime creature hits you!!!
Ouch! That really hurt!
You die...
Xom bursts into laughter!

*≈≈≈≈≈≈*,* ≈≈≈≈≈**
≈≈≈ ≈≈ *,*≈≈≈≈≈≈≈*
*≈≈≈≈≈≈*,*≈≈≈≈≈≈**
****≈≈≈* *;≈≈#***
** ,*.#...# *
**,....#.# ###### ,
, ,....#.###....# ,
,,, * ,
.......J§55.# *, ,,
*,,,,##.....L5..#
,,, ,
******#......J..#
,, ,, ##..)8.P..#
**** , ,,,
#....(.P.....
,,,,,, **
#...........#***,
** .####*
##...........# *,,,
, .#.#.##
##.#####......,****
* , .......###..#
#.....,,*>,, +,,
.#.#.#.JJJ§##
*....,,,***** *


You could see a very large slime creature, a slime creature, an active
ballistomycete, 2 white imps and a friendly iron imp.

Vanquished Creatures
  An unseen horror (D:10)
  A hill giant (D:10)
  The ghost of UristMcMason the Gusty, an experienced TeAE (D:6)
  2 two-headed ogres (D:8)
  A deep elf mage (D:11)
  Eustachio (D:4)
  A hungry ghost (D:9)
  3 slaves (D:6)
  A water moccasin (D:5)
  2 ogres (D:8)
  7 ice beasts
  A sky beast (D:6)
  2 phantoms (D:7)
  4 centaurs
  Sigmund (D:4)
  2 giant frogs (D:8)
  A wyvern zombie (D:8)
  A big kobold (D:8)
  A scorpion (D:4)
  An electric eel (D:7)
  6 killer bees (D:8)
  A troll zombie (D:9)
  8 wights
  4 crimson imps
  A centaur zombie (D:10)
  8 hounds
  6 orc priests
  A quasit (D:11)
  A gnoll shaman (D:8)
  3 centaur skeletons
  2 giant frog skeletons
  12 worker ants
  4 jellies
  Crazy Yiuf (D:5)
  2 iron imps
  10 orc wizards
  Natasha (thrice) (D:4)
  2 iguanas (D:7)
  3 ogre zombies (D:9)
  Terence (D:2)
  A mummy (D:6)
  A worker ant zombie (D:8)
  6 gnolls (D:8)
  10 adders
  2 shadow imps
  8 white imps
  A worm (D:2)
  2 ufetubi (D:9)
  4 adder skeletons
  An adder zombie (D:5)
  4 giant geckos
  8 oozes
  27 orcs
  11 bats
  3 bat skeletons
  4 giant cockroaches
  13 hobgoblins
  12 jackals
  18 kobolds
  6 quokkas
  2 giant newts
  4 giant spores
  12 goblins
  A goblin skeleton (D:9)
  2 goblin zombies (D:9)
  2 hobgoblin skeletons (D:9)
  3 hobgoblin zombies (D:9)
  2 jackal skeletons
  An orc skeleton (D:9)
  6 orc zombies (D:9)
  17 rats
  A rat (shapeshifter) (D:2)
  8 ballistomycetes
  A butterfly (D:8)
318 creatures vanquished.

Vanquished Creatures (collateral kills)
  A hungry ghost (D:9)
  4 ogre zombies (D:9)
  A goblin skeleton (D:9)
  9 orc zombies (D:9)
  A quokka (D:9)
16 creatures vanquished.

Vanquished Creatures (others)
  The ghost of Warspiderx the Shield-Bearer, an experienced MiFi (D:4)
  A fire vortex (D:6)
  A wraith (D:11)
  A slave (D:6)
  A phantom (D:10)
  4 crimson imps
  2 wights (D:9)
  A goliath beetle (D:8)
  An orc wizard (D:5)
  4 quasits (D:11)
  2 orc priests
  A centaur skeleton (D:9)
  2 iron imps (D:11)
  A worker ant zombie (D:7)
  2 adders
  4 shadow imps
  8 white imps
  An ufetubus (D:11)
  A worker ant simulacrum (D:11)
  An orc (D:3)
  A rat (D:11)
  A ballistomycete (D:8)
42 creatures vanquished.

Grand Total: 376 creatures vanquished

Notes
Turn   | Place    | Note
--------------------------------------------------------------
     0 | D:1      | Chiseanne, the Halfling Chaos Knight, began the quest for the Orb.
     0 | D:1      | Reached XP level 1. HP: 15/15 MP: 1/1
   289 | D:1      | Reached skill level 3 in Fighting
   289 | D:1      | Reached XP level 2. HP: 18/21 MP: 2/2
   373 | D:1      | XOM: divination: detect items
   385 | D:1      | XOM: silly message
   717 | D:2      | Noticed Terence
   726 | D:2      | Killed Terence
   726 | D:2      | Reached XP level 3. HP: 9/26 MP: 3/3
   975 | D:2      | XOM: enchant monster (bad)
  1053 | D:2      | XOM: noise
  1056 | D:2      | Reached XP level 4. HP: 26/31 MP: 4/4
  1176 | D:2      | XOM: harmless Ice miscast
  1327 | D:2      | Found a shadowy altar of Dithmenos.
  1942 | D:3      | Noticed a centaur
  2045 | D:3      | Reached XP level 5. HP: 37/37 MP: 5/5
  2077 | D:3      | Killed a centaur
  2077 | D:3      | Reached skill level 4 in Fighting
  2077 | D:3      | Reached skill level 1 in Maces & Flails
  2077 | D:3      | Reached XP level 6. HP: 41/43 MP: 6/6
  2126 | D:3      | Found a sacrificial altar of Ru.
  2142 | D:3      | XOM: divination: detect creatures
  2355 | D:4      | XOM: divination: magic mapping
  2382 | D:4      | Found a staircase to the Ecumenical Temple.
  2437 | D:4      | Noticed Sigmund
  2437 | D:4      | Noticed Natasha
  2440 | D:4      | Killed Natasha
  2486 | D:4      | Noticed Warspiderx's ghost (experienced MiFi)
  2498 | D:4      | XOM: divination: detect creatures
  2560 | D:4      | Killed Sigmund
  2581 | D:4      | Noticed Natasha
  2621 | D:4      | Killed Natasha
  2629 | D:4      | Noticed Natasha
  2631 | D:4      | Killed Natasha
  2697 | D:4      | Noticed Eustachio
  2745 | D:4      | XOM: divination: magic mapping
  2746 | D:4      | Killed Eustachio
  2746 | D:4      | Reached XP level 7. HP: 23/49 MP: 7/7
  2766 | D:4      | Found Kemiubba's Antique Armour Boutique.
  2880 | D:4      | Bought a runed cloak for 94 gold pieces
  2885 | D:4      | Bought a dyed leather armour for 42 gold pieces
  2901 | D:4      | Noticed Edmund
  2905 | D:4      | XOM: silly message
  2956 | D:4      | XOM: harmless Summ miscast
  3101 | D:4      | XOM: harmless Air miscast
  3110 | D:4      | Banished Warspiderx's ghost
  3110 | D:4      | Reached skill level 5 in Armour
  3110 | D:4      | Reached XP level 8. HP: 44/54 MP: 8/8
  3163 | D:5      | Entered Level 5 of the Dungeon
  3277 | D:5      | Reached skill level 5 in Fighting
  3360 | D:5      | XOM: harmless Hex miscast
  3592 | D:5      | Found a glowing golden altar of the Shining One.
  3620 | D:5      | XOM: harmless Hex miscast
  4006 | D:5      | Noticed Crazy Yiuf
  4013 | D:5      | Killed Crazy Yiuf
  4013 | D:5      | Reached skill level 6 in Armour
  4208 | D:5      | Reached skill level 5 in Dodging
  4343 | D:6      | Found a stormy altar of Qazlal.
  4430 | D:6      | XOM: mild Fire miscast
  4431 | D:6      | Noticed a fire vortex
  4431 | D:6      | Noticed a fire vortex
  4435 | D:6      | Killed a fire vortex
  4473 | D:6      | XOM: 2-stop teleportation journey
  4477 | D:6      | XOM: swap monsters
  4483 | D:6      | Reached XP level 9. HP: 46/61 MP: 9/9
  4558 | D:6      | XOM: medium Erth miscast
  4698 | D:6      | Noticed Pikel
  4700 | D:6      | Noticed Ijyb
  4712 | D:6      | XOM: summons 5 friendly demons
  4750 | D:6      | Banished Pikel
  4819 | D:6      | Reached skill level 5 in Maces & Flails
  4917 | D:6      | Found Baqang's General Store.
  4920 | D:6      | Bought a potion of curing for 39 gold pieces
  4946 | D:6      | XOM: vitrification
  5008 | D:6      | Noticed UristMcMason's ghost (experienced TeAE)
  5012 | D:6      | Killed UristMcMason's ghost
  5188 | D:7      | Found a white marble altar of Elyvilon.
  5337 | D:7      | XOM: vitrification
  5410 | D:7      | Found an opulent altar of Gozag.
  5410 | D:7      | Found a bloodstained altar of Trog.
  5540 | D:7      | Reached XP level 10. HP: 65/69 MP: 10/10
  5551 | D:7      | XOM: god gift: 14 royal jellies
  5556 | D:7      | Reached skill level 7 in Dodging
  5711 | D:7      | Found Xoir Usmoa's General Store.
  5714 | D:7      | Bought a scroll of identify for 30 gold pieces
  5714 | D:7      | Bought a scroll of remove curse for 45 gold pieces
  5714 | D:7      | Bought a potion of lignification for 45 gold pieces
  5714 | D:7      | Bought a potion of agility for 60 gold pieces
  5898 | D:8      | Found a shimmering altar of Xom.
  6057 | D:8      | XOM: god gift: short bronze wand {god gift}
  6242 | D:8      | XOM: smoke on damage
  6242 | D:8      | XOM: god gift: bread ration
  6245 | D:8      | XOM: enchant monster (good)
  6252 | D:8      | XOM: summons 1 friendly demon
  6297 | D:8      | Reached skill level 8 in Dodging
  6328 | D:8      | XOM: harmless Air miscast
  6989 | D:8      | XOM: mild Trmt miscast
  7019 | D:8      | XOM: summons friendly iron imp
  7041 | D:8      | XOM: god gift: scroll labeled CHAUCL UNUQ
  7048 | D:8      | Learned a level 2 spell: Stoneskin
  7485 | D:9      | Found a staircase to the Orcish Mines.
  7692 | D:9      | Found a deep blue altar of Sif Muna.
  7722 | D:9      | Reached skill level 9 in Dodging
  7771 | D:9      | Reached XP level 11. HP: 75/75 MP: 11/11
  7782 | D:9      | Found a sparkling altar of Nemelex Xobeh.
  7914 | D:9      | Got a pair of ichor-stained boots
  7926 | D:9      | Identified the cursed +0 pair of boots "Carybeg" {rPois rN+ Dex-5} (You found it on level 9 of the Dungeon)
  8080 | D:9      | XOM: summons 5 hostile demons
  8128 | D:9      | XOM: mild Trmt miscast
  8161 | D:10     | Entered Level 10 of the Dungeon
  8489 | D:10     | Noticed a hill giant
  8501 | D:10     | Killed a hill giant
  8518 | D:10     | XOM: give mutation
  8518 | D:10     | Gained mutation: You have large cloven feet. [Xom's mischief]
  8633 | D:10     | Found a staircase to the Lair.
  8662 | D:10     | XOM: summons 2 hostile shadow creatures
  8724 | D:10     | XOM: scenery: create altars
  8735 | D:10     | XOM: mild Tloc miscast
  8963 | D:10     | XOM: noise
  9196 | D:10     | Killed an unseen horror
  9216 | D:10     | XOM: noise
  9549 | D:11     | XOM: enchant monster (bad)
  9584 | D:11     | XOM: divination: magic mapping
  9585 | D:11     | XOM: summons 10 friendly demons
  9590 | D:11     | XOM: summons friendly shadow imp
  9598 | D:11     | XOM: harmless Tloc miscast
  9599 | D:11     | XOM: cast spell 'Summon Small Mammal'
  9601 | D:11     | XOM: fog
  9631 | D:11     | XOM: summons 8 friendly demons
  9632 | D:11     | XOM: cast spell 'Necromutation'
  9642 | D:11     | Mangled by a very large slime creature

Action                   |  1- 3 |  4- 6 |  7- 9 | 10-12 || total
-------------------------+-------+-------+-------+-------++-------
Melee: Hand axe          |    55 |       |       |       ||    55
       Flail             |    11 |   133 |   232 |   439 ||   815
Throw: Tomahawk          |       |     2 |     6 |    13 ||    21
       Throwing net      |       |       |     1 |     1 ||     2
Evoke: Wand              |       |       |       |     1 ||     1
  Use: Scroll            |       |    12 |     7 |     8 ||    27
       Potion            |       |     1 |     1 |       ||     2
 Stab: Petrifying        |     1 |       |       |       ||     1
       Invisible         |       |       |       |     2 ||     2
       Sleeping          |       |       |       |     2 ||     2
  Eat: Chunk             |       |     6 |     9 |     9 ||    24
       Fruit             |       |       |       |     5 ||     5
